 Dungeon Crawl Stone Soup version 0.27.0-1-g7a089689b8 (webtiles) character file.

Game seed: 9052761721750919960

4 Sobieck the Magician (level 1, -1/18 HPs)
             Began as a Djinni Warper on Aug 9, 2021.
             Slain by a giant cockroach (2 damage)
             ... on level 1 of the Dungeon.
             The game lasted 00:00:50 (202 turns).

Sobieck the Magician (Djinni Warper)                 Turns: 202, Time: 00:00:51

Health: -1/18      AC:  3    Str: 10    XL:     1   Next: 77%
Gold:   19         EV: 11    Int: 14    God:
                   SH:  0    Dex: 12

rFire    + + .     SeeInvis .   a - +0 hand axe {axe}
rCold    x . .     Faith    .   (no shield)
rNeg     . . .     Spirit   .   b - +0 leather armour
rPois    ∞         Reflect  .   (no helmet)
rElec    .         Harm     .   (no cloak)
rCorr    .         Rampage  .   (no gloves)
Will     .....                  (boots unavailable)
Stlth    +.........             (no amulet)
HPRegen  0.06/turn              (no ring)
MPRegen  0.00/turn              (no ring)

@: flying
A: sickness immunity, fire resistance 2, cold vulnerability 1, float, innate
caster, hp casting, extra vitality 1
a: no special abilities


You were on level 1 of the Dungeon.
You visited 1 branch of the dungeon, and saw 1 of its levels.

You collected 19 gold pieces.


Innate Abilities, Weirdness & Mutations

You are immune to sickness and miasma.
You are immune to poison.
Your flesh is very heat resistant. (rF++)
You are vulnerable to cold. (rC-)
You float through the air rather than walking.
You learn spells naturally, not from books.
Your magical power is your life essence.
You have superior vitality. (+4 HP)


   Skills:
 - Level 2.0 Fighting
 + Level 1.6 Axes
 - Level 0.9 Throwing
 - Level 1.1 Armour
 - Level 2.2 Dodging
 * Level 2.4 Spellcasting


You couldn't memorise any spells.
You knew the following spells:

 Your Spells              Type           Power      Damage    Failure   Level
a - Blink                 Tloc           N/A        N/A       17%         2
b - Lesser Beckoning      Tloc           4%         N/A       34%         3
c - Gell's Gravitas       Tloc           4%         N/A       34%         3
d - Teleport Other        Tloc           8%         N/A       34%         3
e - Manifold Assault      Tloc           8%         N/A       97%         5
Your spell library was empty.

Inventory:

Hand Weapons
 a - a +0 hand axe (weapon) {axe}
Missiles
 d - 5 boomerangs of dispersal (quivered) {=f!fthrowing}
 e - 20 stones {throwing}
 g - 2 atropa-tipped darts {throwing}
Armour
 b - a +0 leather armour (worn)
Scrolls
 c - a scroll of blinking {!r}
 f - a scroll of fog {unknown}

Dungeon Overview and Level Annotations

Branches:
Dungeon (1/15)

Altars:

#.##.##...............##
########..........##.###.......
#.........>....#####.# #.###.##
#)#########.#### #># #.# #.#
#.# #.# #.# #.# #.# #.# #.# #.#
#.# #†## #.# ##.# #.# #.# #...
#.# ##..########.# #.# #.## #.#
#.#rJB@......# #.###.# #.#
##.S########## #.....# #.# #..#
#..#..# #.# #..# ####..## #.#
#..# ♣♣....♣ #.# #.r# ######
♣.....♣ #.# ##.S###....#
♣....♣♣ #.#### #..........#
♣♣....♣ #....## ##..###.##.#
♣♣.....♣


You could see an endoplasm, a giant cockroach, a ball python and a rat.


Message History

🤖 Initializing magus.rc ... ✅ Successfully initialized magus_sobieck.rc [v0.0.2] Welcome, Sobieck the Djinni Warper.
Will you prevail where others failed? Will you find the Orb of Zot?
Press ? for a list of commands and other information.
Found 12 gold pieces and 20 stones.
Found a staircase leading out of the dungeon.
You begin with the following spells memorised: Blink, Lesser Beckoning, Gell's Gravitas, Teleport Other, Manifold Assault.
You now have 12 gold pieces.
There is a staircase leading out of the dungeon here.
A rat comes into view.
You see here 20 stones {throwing}.
Danger!
Really fire
d - 5 boomerangs of dispersal {=f!fthrowing}? [Y]es or [N]o only, please.
Really fire
d - 5 boomerangs of dispersal {=f!fthrowing}?
Unknown command.
You hit the rat. The rat bites you.
You slash the rat!
You kill the rat!
No target in view!
e - 20 stones {throwing} You start resting.
Unknown command.
A dart slug comes into view.
Danger!
The dart slug closely misses you.
You hit the dart slug. The dart slug barely misses you.
You hit the dart slug.
The dart slug bites you but does no damage.
You hit the dart slug.
You kill the dart slug!
No target in view!
You see here a dart slug corpse.
Found a stone staircase leading down.
Unknown command.
Found a stone staircase leading down.
Unknown command.
No target in view!
No target in view!
f - a scroll labelled ASAUTR ZOFA Unknown command.
There is a stone staircase leading down here.
You now have 19 gold pieces (gained 7).
A goblin comes into view. It is wielding a +0 club.
Danger!
You hit the goblin but do no damage. The goblin closely misses you.
You closely miss the goblin. The goblin closely misses you.
You hit the goblin.
You kill the goblin!
No target in view!
No target in view!
Things that are here:
a +0 club {mace}; a goblin corpse
g - 2 atropa-tipped darts {throwing} Unknown command.
A dart slug comes into view.
The dart slug launches a dart at you. The slug dart hits you.
Danger!
Unknown command.
An endoplasm comes into view.
The endoplasm quivers.
The endoplasm jiggles.
A ball python and a giant cockroach come into view.
A rat and a dart slug come into view.
The endoplasm misses you. The dart slug launches a dart at you.
The slug dart hits you.
You are too injured to fight recklessly!
Unknown command.
You hit the endoplasm. You hit the dart slug but do no damage.
The ball python hisses angrily.
The endoplasm freezes you.
You are frozen.
You feel a terrible chill!
* * * LOW HITPOINT WARNING * * *
The dart slug launches a dart at you. The slug dart hits you.
* * * LOW HITPOINT WARNING * * *
The dart slug launches a dart at you. The slug dart hits you.
* * * LOW HITPOINT WARNING * * *
The giant cockroach waves its antennae.
The endoplasm jiggles.
Unknown command.
The giant cockroach bites you but does no damage.
You barely miss the giant cockroach. The giant cockroach misses you.
The giant cockroach bites you.
* * * LOW HITPOINT WARNING * * *
You hit the giant cockroach.
The giant cockroach bites you but does no damage.
Unknown command.
You barely miss the giant cockroach. The giant cockroach closely misses you.
The giant cockroach bites you.
* * * LOW HITPOINT WARNING * * *
You hit the giant cockroach but do no damage.
The giant cockroach completely misses you.
You barely miss the giant cockroach. The giant cockroach bites you.
You die...

Action                   || total
-------------------------++-------
Melee: Hand axe          ||    14
Armor: Leather armour    ||     3
Dodge: Dodged            ||     8

Levels and vault maps discovered:
D:1:      roderic_dead_forest, layout_loops_ring

Notes
Turn   | Place    | Note
-------+----------+-------------------------------------------
     0 | D:1      | Sobieck the Djinni Warper began the quest for the Orb.
     0 | D:1      | Reached XP level 1. HP: 18/18 MP: 0/0
   177 | D:1      | HP: 4/18 [dart slug/slug dart (4)]
   198 | D:1      | HP: 2/18 [giant cockroach (2)]
   202 | D:1      | Slain by a giant cockroach

Vanquished Creatures
  A dart slug (D:1)
  A goblin (D:1)
  A rat (D:1)
3 creatures vanquished.

Table legend:
 A = Non-vault XP
 B = Vault XP
 C = Vault XP percentage of total XP
 D = Non-vault monster count
 E = Vault monster count
 F = Vault count percentage of total count
                 A         B        C        D         E       F
            +---------+---------+-------+---------+---------+-------
      Total |       7 |       0 |   0.0 |       3 |       0 |   0.0
            +---------+---------+-------+---------+---------+-------
        D:1 |       7 |       0 |   0.0 |       3 |       0 |   0.0
            +---------+---------+-------+---------+---------+-------

Illustrated notes

Table legend:
 A = Kills in this place as a percentage of kills in entire the game.
 B = Kills by you in this place as a percentage of kills by you in the entire game.
 C = Kills by friends in this place as a percentage of kills by friends in the entire game.
 D = Other kills in this place as a percentage of other kills in the entire game.
 E = Experience gained in this place as a percentage of experience gained in the entire game.
 F = Experience gained in this place divided by the number of levels of this place that you have seen.
                   A       B       C       D       E      F
               +-------+-------+-------+-------+-------+----------------------
         Total | 100.0 | 100.0 |   N/A |   N/A | 100.0 |   7.0
       Dungeon | 100.0 | 100.0 |   N/A |   N/A | 100.0 |   7.0
               +-------+-------+-------+-------+-------+----------------------

Table legend: (Time is in decaauts)
 A = Elapsed time spent in this place.
 B = Non-inter-level travel time spent in this place.
 C = Inter-level travel time spent in this place.
 D = Time resting spent in this place.
 E = Time spent auto-exploring this place.
 F = Levels seen in this place.
 G = Mean time per level.
                   A        B        C        D        E       F      G
               +--------+--------+--------+--------+--------+-----+--------+
         Total |    205 |    205 |      0 |     12 |    132 |   1 |  205.0 |
       Dungeon |    205 |    205 |      0 |     12 |    132 |   1 |  205.0 |
               +--------+--------+--------+--------+--------+-----+--------+

Top non-repeatable levels by time:
     D:1: 205 daAuts
